 Dungeon Sprint DCSS version 0.21-a0-221-gfe971b9 (webtiles) character file.

24 potatolord6000 the Fighter (level 8, -1/57 HPs)
             Began as a Gargoyle Fighter on Aug 24, 2017.
             Was an Initiate of Gozag.
             Slain by a two-headed ogre
             ... wielding a +0 giant spiked club
              (8 damage)
             ... in the Dungeon (Sprint VI: "Thunderdome").
             The game lasted 00:04:19 (405 turns).

potatolord6000 the Fighter (Gargoyle Fighter)        Turns: 405, Time: 00:04:20

Health: -1/57      AC: 16    Str: 31    XL:     8   Next: 21%
Magic:  8/8        EV: 14    Int: 17    God:    Gozag
Gold:   125        SH: 13    Dex: 14    Spells: 7/7 levels left

rFire    x . .     SeeInvis .   a - +0 flail
rCold    x . .     Gourm    .   c - +0 shield
rNeg     + + +     Faith    .   b - +0 scale mail
rPois    ∞         Spirit   .   e - +0 helmet of Afokesasy {rF- rC- rN+++ Int+4}
rElec    +         Reflect  .   (no cloak)
rCorr    .         Harm     .   d - +0 pair of gloves "Noemoux" {Str+3} (curse)
MR       .....     NoTele   +   (no boots)
Stlth    +.........             (no amulet)
HPRegen  0.19/turn              (no ring)
MPRegen  0.11/turn              (no ring)

@: mighty, brilliant, agile, gold aura, berserk cooldown, hasted and slowed,
very slow
A: negative energy resistance 1, electricity resistance, unbreathing,
petrification resistance, rot immunity, AC +5
a: Potion Petition, Call Merchant, Bribe Branch, Renounce Religion


You were in the Dungeon.
You worshipped Gozag.
Gozag was aware of your devotion.
You were not hungry.

You visited 1 branch You collected 789 gold pieces.
You spent 664 gold pieces at shops.

Inventory:

Hand Weapons
 a - a +0 flail (weapon)
Armour
 b - a +0 scale mail (worn)
 c - a +0 shield (worn)
 d - the cursed +0 pair of gloves "Noemoux" (worn) {Str+3}
   (You bought it in a shop in the Dungeon)

   It affects your strength (+3).
   It has a curse placed upon it.
 e - the +0 helmet of Afokesasy (worn) {rF- rC- rN+++ Int+4}
   (You bought it in a shop in the Dungeon)

   It affects your intelligence (+4).
   It makes you vulnerable to fire.
   It makes you vulnerable to cold.
   It renders you almost immune to negative energy.
Scrolls
 k - 4 scrolls of blinking
Potions
 h - 2 potions of haste
 i - 2 potions of magic
 l - a potion of resistance
Comestibles
 f - a bread ration


   Skills:
 + Level 10.2 Fighting
 + Level 9.1 Maces & Flails
 + Level 10.1 Armour
 + Level 10.1 Shields


You had 7 spell levels left.
You didn't know any spells.

Dungeon Overview and Level Annotations

Branches:
Dungeon (1/1)

Altars:
Cheibriados
Dithmenos
Fedhas
Gozag
Kikubaaqudgha
Makhleb
Okawaru
Qazlal
Ru
Sif Muna
Trog
Uskayaw
Vehumet
Wu Jian
Xom
Yredelemnul
Zin
The Shining One
Beogh
Jiyva
Lugonu

Shops:
D *[%??*?*:[((!!!!


Innate Abilities, Weirdness & Mutations

You are resistant to torment.
Your stone body is resilient. (AC +5)
You are immune to poison.
You resist negative energy. (rN+)
You are resistant to electric shocks. (rElec)
You can survive without breathing.
You are immune to petrification.
You are immune to rotting.


Message History

Your extra speed is starting to run out.
You sock the two-headed ogre!
The two-headed ogre is heavily wounded.
The two-headed ogre hits you with a giant spiked club!!
The two-headed ogre hits you with a giant club!
* * * LOW HITPOINT WARNING * * *
[a] - 0 gold - resistance, flight, haste and brilliance [b] - 0 gold - might, agility, brilliance and haste [c] - 0 gold - might, agility and brilliance Purchase which effect?
You feel very mighty all of a sudden.
You feel agile all of a sudden.
You feel clever all of a sudden.
You feel as though your hastened speed will last longer.
You block the two-headed ogre's attack. x2
Your unstable footing causes you to fumble your attack.
The two-headed ogre hits you with a giant spiked club!
* * * LOW HITPOINT WARNING * * *
The two-headed ogre hits you with a giant club!
You die...
Your body crumbles into a pile of gold.

#⌠..........###...###..........⌠#
##.............###.............##
###∩........8.# #.8........∩###
##∩___...[..###.....[___∩##
######.8.........8.######
#⌠...........⌠# ###.........###
#_...O..._# #_..)@..._#
#_......._# #∩.......∩#
##∩.....∩## ##.....## ##⌠⌠⌠##
#####


You could see a two-headed ogre.

Vanquished Creatures
  A two-headed ogre (D)
  Sigmund (D)
  A sky beast (D)
  A crimson imp (D)
  A quasit (D)
  An iron imp (D)
  An orc wizard (D)
  A shadow imp (D)
  A white imp (D)
  A bat (D)
  A goblin (D)
  A rat (D)
12 creatures vanquished.

Notes
Turn   | Place    | Note
-------+----------+-------------------------------------------
     0 | D        | potatolord6000 the Gargoyle Fighter began the quest for the Orb.
     0 | D        | Reached XP level 1. HP: 14/14 MP: 1/1
     2 | D        | Found a corrupted altar of Lugonu.
     2 | D        | Found an iron altar of Okawaru.
     3 | D        | Found a shimmering altar of Xom.
     3 | D        | Found a hide-covered altar of Uskayaw.
     4 | D        | Found an ornate altar of the Wu Jian Council.
     5 | D        | Found Dicuirph's Identification Station.
     5 | D        | Found a blossoming altar of Fedhas.
     5 | D        | Found a burning altar of Makhleb.
     5 | D        | Found Dowedgh's Bee Food.
     5 | D        | Round 1.
     6 | D        | Found Uffube's Advanced Armour.
     6 | D        | Found Erhop's Jewellery.
     8 | D        | Noticed an orc wizard
    15 | D        | Found an ancient bone altar of Kikubaaqudgha.
    16 | D        | Found Yshrolat's Premium Goods.
    18 | D        | Found Exzov's Miscellaneous Merchandise.
    18 | D        | Found Siraefoh's Basic Armour.
    19 | D        | Found a glowing golden altar of the Shining One.
    19 | D        | Found a snail-covered altar of Cheibriados.
    19 | D        | Found a basalt altar of Yredelemnul.
    19 | D        | Found Tezariobb's Weapon Rack.
    23 | D        | Found an opulent altar of Gozag.
    24 | D        | Found a deep blue altar of Sif Muna.
    25 | D        | Found a glowing silver altar of Zin.
    26 | D        | Found Zaugipni's Do-It-Yourself Clinic.
    27 | D        | Found Nypa's Bottled Wisdom.
    27 | D        | Found Saenuanku's Distillery.
    31 | D        | Became a worshipper of Gozag Ym Sagoz the Greedy
    46 | D        | Killed an orc wizard
    46 | D        | Reached XP level 2. HP: 14/20 MP: 2/2
    46 | D        | Reached XP level 3. HP: 17/24 MP: 3/3
    90 | D        | Noticed Sigmund
   105 | D        | Killed Sigmund
   105 | D        | Arena points: 12 (+12) [x2]
   105 | D        | Reached skill level 5 in Maces & Flails
   105 | D        | Reached XP level 4. HP: 34/34 MP: 4/4
   105 | D        | Reached XP level 5. HP: 38/38 MP: 5/5
   125 | D        | Bought a pair of encrusted gloves for 332 gold pieces
   130 | D        | Identified the cursed +0 pair of gloves "Noemoux" {Str+3} (You bought it in a shop in the Dungeon)
   141 | D        | Found a shadowy altar of Dithmenos.
   142 | D        | Found a bloodstained altar of Trog.
   147 | D        | Found a radiant altar of Vehumet.
   147 | D        | Found a viscous altar of Jiyva.
   148 | D        | Found Pusiw's Magic Scroll Shop.
   148 | D        | Found Emmaf's Staff Store.
   149 | D        | Found Mieggan's Magic Scroll Shop.
   149 | D        | Found Haashre's Must-Have Magic.
   153 | D        | Found a sacrificial altar of Ru.
   154 | D        | Found a roughly hewn altar of Beogh.
   156 | D        | Found a stormy altar of Qazlal.
   157 | D        | Found Timpin's Distillery.
   174 | D        | Round 2.
   217 | D        | Reached XP level 6. HP: 44/44 MP: 6/6
   342 | D        | Bought a heavily runed helmet for 332 gold pieces
   347 | D        | Identified the +0 helmet of Afokesasy {rF- rC- rN+++ Int+4} (You bought it in a shop in the Dungeon)
   351 | D        | Arena points: 24 (+12) [x1]
   366 | D        | Round 3.
   368 | D        | Noticed a two-headed ogre
   368 | D        | Noticed a sky beast
   389 | D        | Killed a two-headed ogre
   389 | D        | Reached skill level 10 in Fighting
   389 | D        | Reached skill level 10 in Armour
   389 | D        | Reached skill level 10 in Shields
   389 | D        | Reached XP level 7. HP: 18/52 MP: 7/7
   389 | D        | Reached XP level 8. HP: 20/57 MP: 8/8
   396 | D        | Noticed a two-headed ogre
   405 | D        | Slain by a two-headed ogre

Vault maps used:
D:        arena_sprint

Skill      XL: |  1  2  3  4  5  6 |
---------------+-------------------+-----
Fighting       | 4 7 10 | 10.2
Maces & Flails | 3 5 6 9 |  9.1
Armour         | 4 7 10 | 10.1
Shields        | 4 6 7 10 | 10.1

Action                   |  1- 3 |  4- 6 |  7- 9 || total
-------------------------+-------+-------+-------++-------
Melee: Flail             |    16 |    43 |     7 ||    66
Invok: Potion Petition   |       |       |     1 ||     1
  Use: Potion            |     5 |     3 |     1 ||     9
Armor: Scale mail        |    10 |    29 |     1 ||    40
Dodge: Dodged            |     5 |    27 |     2 ||    34
Block: Shield            |    12 |    25 |     3 ||    40

Table legend:
 A = Spawn XP
 B = Non-spawn XP
 C = Spawn XP percentage of total XP
 D = Spawn monster count
 E = Non-spawn monster count
 F = Spawn count percentage of total count
 G = Total turns spent on level
                    A         B        C        D         E        F      G
               +---------+---------+-------+---------+---------+-------+---------
         Total |       0 |    1447 |   0.0 |       0 |      12 |   0.0 |   405
               +---------+---------+-------+---------+---------+-------+---------
             D |       0 |    1447 |   0.0 |       0 |      12 |   0.0 |   405
               +---------+---------+-------+---------+---------+-------+---------
